 Dungeon Crawl Stone Soup version 0.17-b1-25-g6d8775f (console) character file.

60 gw the Grasshopper (level 4, -5/30 HPs)
             Began as a Halfling Warper on Nov 6, 2015.
             Slain by Terence
             ... wielding a +0 trident
              (6 damage)
             ... on level 2 of the Dungeon.
             The game lasted 00:02:01 (2099 turns).

gw the Grasshopper (Halfling Warper)                Turns: 2099, Time: 00:02:01

Health: -5/30      AC:  3    Str: 11    XL:     4   Next: 24%
Magic:  7/7        EV: 14    Int: 13    God:
Gold:   68         SH:  0    Dex: 13    Spells: 1 memorised, 6 levels left

rFire  . . .     SeeInvis .     a - +0 short sword
rCold  . . .     Clarity  .     b - +0 leather armour
rNeg   . . .     SustAt   .     (shield restricted)
rPois  .         Gourm    .     (no helmet)
rElec  .         Spirit   .     (no cloak)
rCorr  .         Warding  .     (no gloves)
rMut   .         Stasis   .     (no boots)
MR     .....                    (no amulet)
Stlth  +.........               (no ring)
                                (no ring)

@: very slightly contaminated, not resistant to hostile enchantments, very
unstealthy
A: mutation resistance 1
a: no special abilities


You were on level 2 of the Dungeon.
You were very hungry.

You visited 1 branch of the dungeon, and saw 2 of its levels.

You collected 68 gold pieces.

Inventory:

Hand Weapons
 a - a +0 short sword (weapon)
Missiles
 e - 5 tomahawks of dispersal (quivered)
Armour
 b - a +0 leather armour (worn)
Books
 c - a book of Spatial Translocations

   Spells                             Type                      Level
   a - Apportation                    Translocation                1
   b - Blink                          Translocation                2
   c - Shroud of Golubria             Charms/Translocation         2
   d - Portal Projectile              Translocation                3
   e - Teleport Other                 Translocation                3
   f - Passage of Golubria            Translocation                4
Comestibles
 f - a bread ration


   Skills:
 + Level 2.5 Fighting
 - Level 2.6 Short Blades
 - Level 1.1 Throwing
 + Level 2.1 Armour
 - Level 2.1 Dodging
 * Level 2.4 Spellcasting
 - Level 3.2 Translocations


You had 6 spell levels left.
You knew the following spells:

 Your Spells              Type           Power        Failure   Level  Hunger
a - Apportation           Tloc           ##........   12%         1    #......


Dungeon Overview and Level Annotations

Branches:
Dungeon (2/15)

Altars:

Annotations:
D:2 Terence


Innate Abilities, Weirdness & Mutations

You are small and have problems with some larger weapons.
You are somewhat resistant to further mutation.


Message History

Terence closely misses you.
Unknown command.
Unknown command.
Unknown command.
Unknown command.
FLEEEEING!
ATTACKING (0,1)
You hit Terence but do no damage.
Terence is lightly wounded.
Terence hits you with a trident!
Unknown command.
Unknown command.
Unknown command.
Unknown command.
FLEEEEING!
ATTACKING (0,1)
You barely miss Terence.
Terence is lightly wounded.
Terence hits you with a trident.
You die...

#.# #.# #.# #.# #.#####.#
#...).%.# #######.#
######.############
#....#...#........# #####
#.##.#.....######.# #...#
#.##p#.#.########.### #...#
#.##@#.#.#....(...#.. #...#
#.##.#.#.#.#####..#!# #..?#
#.##.#.#.#.#.........
####...######.##.#.#.#.##..#...##
).....@%.............#.#....[....
############...#.#.###.####.#..##
#...'.....................
##.##...#.#####.........##


You could see Terence.

Table legend:
 A = Turns spent in this place as a percentage of turns spent in the entire game.
 B = Non-inter-level travel turns spent in this place as a percentage of non-inter-level travel turns spent in the entire game.
 C = Inter-level travel turns spent in this place as a percentage of turns spent in this place.
 D = Turns resting spent in this place as a percentage of non-inter-level travel turns spent in this place.
 E = Turns spent auto-exploring this place as a percentage of non-inter-level travel turns spent in this place.
 F = Non-inter-level travel turns spent in this place divided by the number of levels of this place that you've seen.
                   A       B       C       D       E      F
               +-------+-------+-------+-------+-------+----------------------
         Total | 100.0 | 100.0 |   0.5 |   1.2 |   2.1 | 1454.0
       Dungeon | 100.0 | 100.0 |   0.5 |   1.2 |   2.1 | 1454.0
               +-------+-------+-------+-------+-------+----------------------

Table legend:
 A = Kills in this place as a percentage of kills in entire the game.
 B = Kills by you in this place as a percentage of kills by you in the entire game.
 C = Kills by friends in this place as a percentage of kills by friends in the entire game.
 D = Other kills in this place as a percentage of other kills in the entire game.
 E = Experience gained in this place as a percentage of experience gained in the entire game.
 F = Experience gained in this place divided by the number of levels of this place that you have seen.
                   A       B       C       D       E      F
               +-------+-------+-------+-------+-------+----------------------
         Total | 100.0 | 100.0 |  -nan |  -nan | 100.0 |  43.0
       Dungeon | 100.0 | 100.0 |  -nan |  -nan | 100.0 |  43.0
               +-------+-------+-------+-------+-------+----------------------

Vanquished Creatures
  2 adders (D:2)
  A giant gecko (D:1)
  2 ball pythons (D:1)
  5 bats (D:1)
  A giant cockroach (D:2)
  9 goblins
  7 hobgoblins
  2 kobolds (D:1)
  3 giant newts
  7 rats (D:1)
39 creatures vanquished.

Notes
Turn   | Place    | Note
--------------------------------------------------------------
     0 | D:1      | gw the Halfling Warper began the quest for the Orb.
     0 | D:1      | Reached XP level 1. HP: 14/14 MP: 3/3
   196 | D:1      | Reached XP level 2. HP: 19/19 MP: 4/4
   588 | D:1      | Reached XP level 3. HP: 13/24 MP: 6/6
  1776 | D:2      | Reached XP level 4. HP: 15/30 MP: 7/7
  2057 | D:2      | Noticed Terence
  2098 | D:2      | HP: 1/30 [Terence/trident (7)]
  2099 | D:2      | Slain by Terence

Action                   |  1- 3 |  4- 6 || total
-------------------------+-------+-------++-------
Melee: Short sword       |   138 |    21 ||   159
  Use: Scroll            |       |     1 ||     1
  Eat: Chunk             |     3 |       ||     3

Vault maps used:
D:1:      saegor_arrival_simple_d, st_stairs_1, minmay_misc_feat_four_crosses,
          minmay_cupped
D:2:      uniq_terence
